 Dungeon Crawl Stone Soup version 0.28.0 (webtiles) character file.

Game seed: 12195108871375027201

14 spaghetti the Sneak (level 2, -2/28 HPs)
             Began as a Naga Delver on Feb 18, 2022.
             Slain by a hornet zombie (11 damage)
             ... on level 5 of the Dungeon.
             The game lasted 00:00:53 (370 turns).

spaghetti the Sneak (Naga Delver)                    Turns: 370, Time: 00:00:53

Health: -2/28      AC:  2    Str: 14    XL:     2   Next: 41%
Magic:  2/2        EV:  9    Int: 10    God:
Gold:   0          SH:  0    Dex: 12    Spells: 1/1 levels left

rFire   . . .      SeeInvis +   a - +0 mace
rCold   . . .      Faith    .   (no shield)
rNeg    . . .      Spirit   .   b - +0 leather armour
rPois   +          Reflect  .   (no helmet)
rElec   .          Harm     .   (no cloak)
rCorr   .          Rampage  .   (no gloves)
Will    .....                   (no barding)
Stlth   +++.......              (no amulet)
HPRegen 0.09/turn               (no ring)
MPRegen 0.08/turn               (no ring)

@: attractive, very slow
A: AC +0, large, see invisible, deformed body, poison resistance, slowness 2,
spit poison 1, naga tail 1
a: Spit Poison


You were on level 5 of the Dungeon.
You visited 1 branch of the dungeon, and saw 1 of its levels.

Inventory:

Hand Weapons
 a - a +0 mace (weapon)
Armour
 b - a +0 leather armour (worn)
Wands
 g - a wand of digging (3)
Scrolls
 c - a scroll of fog
 d - a scroll of magic mapping
 e - a scroll of fear
Potions
 f - a potion of haste
 j - a potion of magic {unknown}


   Skills:
 - Level 3.0 Fighting
 + Level 3.0 Maces & Flails
 - Level 1.5 Dodging
 - Level 7.2 Stealth


You had one spell level left.
You didn't know any spells.
Your spell library contained the following spells:

 Spells                   Type           Power      Damage    Failure   Level
 Tukima's Dance           Hex            0%         N/A       82%         3
 Anguish                  Hex/Necr       0%         N/A       99%         4
 Enfeeble                 Hex            0%         N/A       100%        7


Dungeon Overview and Level Annotations

Branches:
Dungeon (5/15)
 Temple: D:4-7

Altars:


Innate Abilities, Weirdness & Mutations

Your serpentine skin is tough. (AC +0)
You have supernaturally acute eyesight. (SInv)
Armour fits poorly on your strangely shaped body.
Your system is resistant to poisons. (rPois)
You cover ground very slowly.
You can spit poison.
You have a snake-like lower body.


Message History

Found an escape hatch in the floor.
You hear the rusting of a very distant drain.
i - a sapphire potion No target in view!
j - a black potion A hornet zombie comes into view.
A hornet zombie is nearby!
You hit the hornet zombie.
The hornet zombie is lightly damaged.
The hornet zombie hits you! The hornet zombie hits you.
You are too injured to fight recklessly!
You are too injured to fight recklessly!
You are too injured to fight recklessly!
You are too injured to fight recklessly!
You are too injured to fight recklessly!
You are too injured to fight recklessly!
You are too injured to fight recklessly!
You are too injured to fight recklessly!
You are too injured to fight recklessly!
You are too injured to fight recklessly!
You are too injured to fight recklessly!
You are too injured to fight recklessly!
You are too injured to fight recklessly!
You are too injured to fight recklessly!
You are too injured to fight recklessly!
You are too injured to fight recklessly!
You are too injured to fight recklessly!
You closely miss the hornet zombie.
The hornet zombie is lightly damaged.
The hornet zombie hits you. The hornet zombie barely misses you.
You sock the hornet zombie!
The hornet zombie is moderately damaged.
The hornet zombie hits you!
* * * LOW HITPOINT WARNING * * *
It was a potion of curing.
You feel better.
The hornet zombie hits you but does no damage. x2
It was a potion of attraction.
You feel attractive to monsters. The hornet zombie hits you!
You die...

.. #.#####
#.....#
#.....# .
..... ..
...
...####Z#
#....@##
#......#
#......##
######..#
##.## #..#
#.#
###.####.#
#......#.#
#...[..#.#


You could see a hornet zombie.

Vanquished Creatures
  A hound zombie (D:5)
1 creature vanquished.

Notes
Turn   | Place    | Note
-------+----------+-------------------------------------------
     0 | D:5      | spaghetti the Naga Delver began the quest for the Orb.
     0 | D:5      | Reached XP level 1. HP: 21/21 MP: 1/1
   206 | D:5      | Reached XP level 2. HP: 16/28 MP: 2/2
   368 | D:5      | HP: 1/28 [hornet zombie (10)]
   370 | D:5      | Slain by a hornet zombie

Illustrated notes

Levels and vault maps discovered:
D:5:      layout_basic, minmay_temple_entry_antechambers, portal_sewer_entry_e,
          serial_bayou_crossing

Skill      XL: |  1 |
---------------+----+-----
Maces & Flails | 3 |  3.0
Fighting       | |  3.0
Dodging        | |  1.5
Stealth        | |  7.2

Action                   || total
-------------------------++-------
Melee: Mace              ||     8
  Use: Potion            ||     2
Armor: Leather armour    ||     2
Dodge: Dodged            ||     4
